[Event "*** Titled Tuesday Blitz"]
[Site "Chess.com"]
[Date "2020.04.28"]
[Round "4"]
[White "gross-aleks"]
[Black "MacDaddyMac"]
[Result "1-0"]
[WhiteElo "2513"]
[BlackElo "2321"]
[TimeControl "180+1"]
[EndTime "10:39:39 PDT"]
[Termination "gross-aleks won by resignation"]

1. c4 c5 2. Nc3 Nc6 3. g3 g6 4. Bg2 Bg7 5. e3 e5 6. Nf3 Nge7 7. O-O O-O 8. d3 f5 9. Rb1 d6 10. a3 a5 11. Ne1 Be6 12. Nd5 Bxd5 13. cxd5 Nb8 14.
Nf3 a4 15. Ng5 Qa5 16. Ne6 Re8 17. Nxg7 Kxg7 18. e4 Nd7 19. Bd2 Qa6 20. Bc3 Kg8 21. f4 b5 22. g4 b4 23. Bd2 Qxd3 24. gxf5 gxf5 25. Rf3 Qd4+ 26. Kh1 fxe4 27. Rg3+ Kh8 28. Qg4 exf4 29. Bxf4 Nf8 30. Bxd6 Neg6 31. Rd1 Qxb2 32. Bxc5 bxa3 33. Bxa3 Qe5 34. Bc5 Rac8 35. Bd4 Qxd4 36. Rxd4 Rc1+ 37. Rd1 Rxd1+ 38. Qxd1 e3 39. Qd4+ Kg8 40.
Rxe3 1-0

[Event "*** Titled Tuesday Blitz"]
[Site "Chess.com"]
[Date "2020.04.28"]
[Round "4"]
[White "goofypenguin96"]
[Black "Danfii"]
[Result "1/2-1/2"]
[WhiteElo "2165"]
[BlackElo "2321"]
[TimeControl "180+1"]
[EndTime "10:39:40 PDT"]
[Termination "Game drawn by agreement"]

1. e4 e5 2. Nf3 Nc6 3. Bc4 Bc5 4. O-O Nf6 5. d4 Bxd4 6. Nxd4 Nxd4 7. Bg5 Qe7 8. Nc3 c6 9. Ne2 Nxe2+ 10. Qxe2 h6 11.
Bh4 g5 12. Bg3 d6 13. a4 Be6 14. a5 Bxc4 15. Qxc4 a6 16. Rfd1 O-O 17. Qb4 Rfd8 18. Ra3 Rd7 19. f3 d5 20. Qxe7 Rxe7 21. exd5 Nxd5 22. c4 Nf4 23. Bxf4 exf4 24. Rad3 Rae8 25. R1d2 Kg7 26. Kf2 Re3 27. Rd7 R8e7 28. h3 Kf6 29. b4 h5 30. R2d6+ R3e6 31. Rd2 Rxd7 32. Rxd7 Re7 33.
Rxe7 Kxe7 34. Ke2 f5 35. Kd3 Ke6 36. Kd4 Kd6 37. c5+ Ke6 38. Kc4 Ke5 39. Kc3 g4 40.
Kc4 Kf6 41. h4 Ke6 42. Kd4 Kf6 43. Kc4 Ke5 44. Kc3 Kd5 45. Kd3 Ke5 46. Kc4 1/2-1/2

[Event "*** Titled Tuesday Blitz"]
[Site "Chess.com"]
[Date "2020.04.28"]
[Round "4"]
[White "Mimsychess"]
[Black "nfds"]
[Result "1-0"]
[WhiteElo "2341"]
[BlackElo "2499"]
[TimeControl "180+1"]
[EndTime "10:39:41 PDT"]
[Termination "Mimsychess won by checkmate"]

1. c4 e6 2. Nf3 d5 3. g3 Nc6 4. d4 Nf6 5. Nbd2 Be7 6. Bg2 O-O 7. O-O b6 8. cxd5 exd5 9. b3 a5 10. Bb2 Re8 11. Rc1 Bb7 12. Ne5 Nxe5 13. dxe5 Nd7 14. f4 a4 15. bxa4 Nc5 16. Kh1 Nxa4 17. Bd4 c5 18.
Bg1 Qd7 19. f5 Bf8 20. Nf3 Qxf5 21. Qb3 Qd7 22. Ng5 Rxe5 23. Rxf7 Qc6 24. e4 Rd8 25.
exd5 Rexd5 26. Rcf1 c4 27. Qf3 Bb4 28. Rxg7+ Kxg7 29. Qf7+ Kh6 30. Rf6+ Qxf6 31. Qxf6+ Kh5 32. Bf3# 1-0

[Event "*** Titled Tuesday Blitz"]
[Site "Chess.com"]
[Date "2020.04.28"]
[Round "4"]
[White "agrigo3"]
[Black "maxsergej"]
[Result "0-1"]
[WhiteElo "2300"]
[BlackElo "2139"]
[TimeControl "180+1"]
[EndTime "10:39:42 PDT"]
[Termination "maxsergej won on time"]

1. Nf3 c5 2. g3 Nc6 3. Bg2 g6 4. O-O Bg7 5. e4 d6 6. c3 Nf6 7.
d4 cxd4 8. cxd4 O-O 9. Nc3 Bg4 10. h3 Bxf3 11. Bxf3 e5 12. d5 Nd4 13. Bg2 Nd7 14.
f4 exf4 15. Bxf4 Qb6 16. Kh1 Qxb2 17. Na4 Qa3 18. Rb1 b6 19. Rf2 Rac8 20. Rd2 Rc4 21.
Nb2 Rb4 22. Nd3 Rxb1 23. Qxb1 Ne5 24. Nxe5 Bxe5 25. Bxe5 dxe5 26. Kh2 h5 27. Rd3 Qd6 28.
Rc3 f5 29. Qd1 f4 30. gxf4 Rxf4 0-1

[Event "*** Titled Tuesday Blitz"]
[Site "Chess.com"]
[Date "2020.04.28"]
[Round "4"]
[White "marianokar"]
[Black "ALeks_Ivlev"]
[Result "0-1"]
[WhiteElo "2347"]
[BlackElo "2578"]
[TimeControl "180+1"]
[EndTime "10:39:43 PDT"]
[Termination "ALeks_Ivlev won on time"]

1. e4 c5 2. Nf3 d6 3. Bb5+ Nd7 4. Ba4 Nf6 5. O-O Nxe4 6. Re1 Nf6 7. d4 cxd4 8. Nxd4 e6 9. Nb5 a6 10. Nxd6+ Bxd6 11. Qxd6 Qe7 12. Qxe7+ Kxe7 13. Nc3 b5 14. Bb3 Bb7 15.
a4 b4 16. Na2 a5 17. Be3 Rac8 18. c3 bxc3 19. Nxc3 Nc5 20. Bc2 Rhd8 21. Rab1 Nd3 22. Bxd3 Rxd3 23. Bb6 Nh5 24. g3 Ra8 25. Red1 Rxd1+ 26.
Rxd1 g5 27. Bc5+ Kf6 28. Rd7 Bf3 29. Bd4+ Kg6 30. Kf1 Rb8 31. Nb5 Bc6 32. Ra7 Bxb5+ 33. axb5 Rxb5 34. Ke2 Nf6 35. Bc3 Nd5 36. Kd3 Nxc3 37.
bxc3 g4 38. Ke3 Rf5 39. c4 h5 0-1

[Event "*** Titled Tuesday Blitz"]
[Site "Chess.com"]
[Date "2020.04.28"]
[Round "4"]
[White "WonderChampion"]
[Black "violetflower04"]
[Result "0-1"]
[WhiteElo "1805"]
[BlackElo "2202"]
[TimeControl "180+1"]
[EndTime "10:39:43 PDT"]
[Termination "violetflower04 won by checkmate"]

1. e4 c5 2. Nf3 Nc6 3. Bb5 Nf6 4. d3 d5 5. exd5 Nxd5 6. Bxc6+ bxc6 7. O-O g6 8. Re1 Bg7 9. Na3 O-O 10. Nc4 Rb8 11.
Bf4 Nxf4 12. Nfe5 Qc7 13. Qd2 Nd5 14. c3 Ba6 15. Re2 Rfd8 16. Rae1 e6 17. b3 Nb6 18. Nxb6 axb6 19. c4 b5 20. cxb5 Bxb5 21. Nc4 Bxc4 22.
bxc4 Rb2 23. Qe3 Rdb8 24. g3 Bd4 25. Qe4 Rxe2 26. Rxe2 Rb2 27. Rxb2 Bxb2 28. Qe3 Bd4 29.
Qd2 Qb8 30. Kg2 Qb2 31. Qxb2 Bxb2 32. a4 Bc3 33. Kf3 Kf8 34. Ke2 Ke7 35. Kd1 Kd7 36. Kc2 Bd4 37. f3 h5 38. h3 Kc7 39. Kb3 Kb6 40.
Ka3 Ka5 41. Kb3 f5 42. Ka3 g5 43. Kb3 g4 44. fxg4 fxg4 45. hxg4 hxg4 46. Ka3 Bf2 47.
Kb3 Bxg3 48. Ka3 Bf2 49. Kb3 g3 50. Ka3 g2 51. Kb3 g1=Q 52. Ka3 Bd4 53. Kb3 Qb1+ 54.
Ka3 Qb2# 0-1

[Event "*** Titled Tuesday Blitz"]
[Site "Chess.com"]
[Date "2020.04.28"]
[Round "4"]
[White "Filip_Covic"]
[Black "Supernotar"]
[Result "0-1"]
[WhiteElo "2335"]
[BlackElo "2603"]
[TimeControl "180+1"]
[EndTime "10:39:44 PDT"]
[Termination "Supernotar won on time"]

1. d4 d5 2. Bf4 Nf6 3. e3 e6 4. Nf3 Bd6 5. Bg3 c5 6. c3 Qc7 7.
Nbd2 Nbd7 8. Bd3 O-O 9. O-O e5 10. e4 cxd4 11. cxd4 exd4 12. Rc1 Qb8 13. Nxd4 Bxg3 14. hxg3 Ne5 15. Bb1 Rd8 16. Re1 Bg4 17. Qa4 a6 18. exd5 Rxd5 19. N2f3 Qd6 20. Nxe5 Rxe5 21.
Rxe5 Qxe5 22. Nf3 Qxb2 23. Qc4 Re8 24. Nd4 b5 25. Qc3 Qxc3 26. Rxc3 Re1+ 0-1

[Event "*** Titled Tuesday Blitz"]
[Site "Chess.com"]
[Date "2020.04.28"]
[Round "4"]
[White "Oneofmyturns"]
[Black "JosefineHeinemann"]
[Result "1-0"]
[WhiteElo "2663"]
[BlackElo "2425"]
[TimeControl "180+1"]
[EndTime "10:39:44 PDT"]
[Termination "Oneofmyturns won by checkmate"]

1. d4 Nf6 2. c4 g6 3. Nc3 d5 4. cxd5 Nxd5 5. e4 Nxc3 6. bxc3 Bg7 7. Be3 c5 8. Qd2 O-O 9. Rc1 Nd7 10. Nf3 Qa5 11. d5 Nf6 12. c4 Qxd2+ 13. Nxd2 e6 14. Bxc5 Rd8 15. Be7 Re8 16. d6 Nd7 17. c5 Ne5 18. Bb5 Bd7 19. a4 Rac8 20. Ke2 a6 21. Bxd7 Nxd7 22. Nb3 Rc6 23. Na5 Rxc5 24. Nxb7 Rxc1 25.
Rxc1 Bf8 26. Rc7 Bxe7 27. Rxd7 Bf6 28. f4 e5 29. f5 gxf5 30. exf5 e4 31. Rc7 Re5 32.
Rc8+ Kg7 33. d7 Rxf5 34. d8=Q Bxd8 35. Rxd8 Rg5 36. g3 Rh5 37. h4 Rf5 38. Nd6 Ra5 39. Nxe4 Rxa4 40. Kf3 a5 41. Rd7 h5 42. Ng5 Ra3+ 43.
Kf4 Ra4+ 44. Kf5 Ra3 45. Rxf7+ Kg8 46. Kf4 Ra4+ 47. Kf3 Ra3+ 48. Kg2 Ra2+ 49. Kh3 a4 50.
Ra7 a3 51. Ne4 Ra1 52. Nf6+ Kf8 53. Nxh5 a2 54. Kh2 Ke8 55. Nf4 Kd8 56. h5 Ke8 57. h6 Kf8 58. g4 Kg8 59. h7+ Kh8 60.
Ng6# 1-0

[Event "*** Titled Tuesday Blitz"]
[Site "Chess.com"]
[Date "2020.04.28"]
[Round "4"]
[White "hedgehog280"]
[Black "Mashenka97"]
[Result "1-0"]
[WhiteElo "2682"]
[BlackElo "2357"]
[TimeControl "180+1"]
[EndTime "10:39:44 PDT"]
[Termination "hedgehog280 won by resignation"]

1. e4 g6 2. f4 Bg7 3. Nf3 c5 4. c3 Nc6 5. d4 cxd4 6. cxd4 d5 7.
e5 Bg4 8. Be3 Nh6 9. Be2 Nf5 10. Bf2 h5 11. Nc3 O-O 12. h3 Bxf3 13. Bxf3 h4 14. Bxd5 e6 15. Bxc6 bxc6 16. O-O g5 17.
fxg5 Qxg5 18. Ne4 Qg6 19. Qg4 Rfd8 20. Rfd1 Rab8 21. b3 Rb4 22. Qxg6 fxg6 23. Nc5 Kf7 24. a3 Rb5 25. b4 Bf8 26. Ne4 Be7 27. Rac1 Rbd5 28.
Rxc6 Rxd4 29. Bxd4 Nxd4 30. Rc7 Ne2+ 31. Kf2 Rxd1 32.
Kxe2 Ra1 33. Rxa7 Ke8 34. Nd6+ Kd8 35. b5 Bg5 36. b6 Rb1 37. b7 Kc7 38. Ra8 Bf4 39.
Rc8+ Kd7 1-0

[Event "*** Titled Tuesday Blitz"]
[Site "Chess.com"]
[Date "2020.04.28"]
[Round "4"]
[White "IAgrest"]
[Black "Pomegranate988"]
[Result "0-1"]
[WhiteElo "2265"]
[BlackElo "2460"]
[TimeControl "180+1"]
[EndTime "10:39:44 PDT"]
[Termination "Pomegranate988 won on time"]

1. e4 c6 2. d4 d5 3. f3 g6 4.
c3 Bg7 5. Bd3 Nd7 6. Ne2 e5 7.
O-O Ne7 8. Na3 O-O 9. Nc2 a5 10.
a4 exd4 11. cxd4 Qb6 12. Kh1 c5 13. exd5 Nxd5 14. Bc4 N7f6 15. Rb1 Be6 16. b3 Rfd8 17. Qe1 Bf5 18. Rb2 Bxc2 19. Rxc2 cxd4 20. Nf4 Ne3 21. Bxe3 dxe3 22. Qe2 Qd4 23. g3 Bh6 24. Ng2 Qb6 25. Re1 Rd2 26. Rxd2 exd2 27. Rd1 Rd8 28. f4 Qd6 29.
Ne3 Ne4 30. Ng4 Qc6 31. Bxf7+ Kg7 32. Qg2 Nc3 0-1

[Event "*** Titled Tuesday Blitz"]
[Site "Chess.com"]
[Date "2020.04.28"]
[Round "4"]
[White "FairChess_on_YouTube"]
[Black "ftorodent"]
[Result "1-0"]
[WhiteElo "3049"]
[BlackElo "2671"]
[TimeControl "180+1"]
[EndTime "10:39:45 PDT"]
[Termination "FairChess_on_YouTube won on time"]

1. e4 e6 2. d4 d5 3. Nc3 Nf6 4. e5 Nfd7 5. f4 c5 6. Nf3 Nc6 7. Be3 cxd4 8. Nxd4 Bc5 9. Qd2 a6 10. O-O-O O-O 11. h4 Nxd4 12. Bxd4 Qc7 13. Kb1 b5 14.
h5 h6 15. g4 b4 16. Ne2 f6 17.
exf6 Nxf6 18. Bxf6 Rxf6 19. g5 hxg5 20. fxg5 Rf2 21. h6 Bb7 22. Bh3 Qe5 23. Rde1 Be3 24. Qd3 d4 25. Qg6 Bxh1 26. Bxe6+ Kf8 27. Rxh1 Ke7 28.
Bc4 Raf8 29. hxg7 Rf1+ 30. Nc1 Rxh1 31. gxf8=Q+ Kd7 32. Qff7+ 1-0

[Event "*** Titled Tuesday Blitz"]
[Site "Chess.com"]
[Date "2020.04.28"]
[Round "4"]
[White "MITerryble"]
[Black "LizaSolovyova"]
[Result "1-0"]
[WhiteElo "2872"]
[BlackElo "2540"]
[TimeControl "180+1"]
[EndTime "10:39:45 PDT"]
[Termination "MITerryble won by resignation"]

1. e4 e5 2. Nf3 d6 3. d4 Qe7 4. Bc4 h6 5. O-O c6 6. b3 Bg4 7. dxe5 dxe5 8. Ba3 Qc7 9. Bxf8 Kxf8 10. h3 Bxf3 11.
Qxf3 Nf6 12. Nc3 Nbd7 13. Rad1 Nb6 14. Bd3 Rd8 15. Ne2 Qe7 16. a4 a5 17. Qe3 Nbd7 18. Qa7 Qb4 19. Bc4 Ke7 20. Ng3 g6 21. Qe3 Qc5 22. Qf3 h5 23. Kh1 h4 24. Ne2 Nb6 25. Bd3 Rd6 26. Ng1 Nh5 27. Ne2 Rf6 28. Qg4 Nf4 29. Nxf4 Rxf4 30. Qg5+ Ke6 31. Be2 Qxc2 32.
Bg4+ Rxg4 33. Qxg4+ Ke7 34. Qg5+ Ke6 35. f4 f6 36. f5+ gxf5 37. exf5+ Ke7 38. Qg7+ 1-0

[Event "*** Titled Tuesday Blitz"]
[Site "Chess.com"]
[Date "2020.04.28"]
[Round "4"]
[White "Unknown_IM"]
[Black "GukeshDommaraju"]
[Result "0-1"]
[WhiteElo "2499"]
[BlackElo "2752"]
[TimeControl "180+1"]
[EndTime "10:39:45 PDT"]
[Termination "GukeshDommaraju won by resignation"]

1. Nf3 Nf6 2. c4 e6 3. g3 d5 4. Bg2 dxc4 5. Na3 Bxa3 6. bxa3 b5 7. Bb2 Bb7 8. Qc2 Nbd7 9. a4 Be4 10. Qc3 c6 11. O-O O-O 12. Rfd1 Nb6 13. Qe3 Nbd5 14. Qc5 Qb6 15. Bd4 Qxc5 16. Bxc5 Rfc8 17. Rac1 Nd7 18. Bd6 N7b6 19. a5 Na4 20. Be5 c5 21. d3 cxd3 22. exd3 Bxf3 23. Bxf3 Rd8 24. Rd2 Rac8 25. Bd1 Nb4 26.
d4 c4 27. Bxa4 bxa4 28. Rc3 Nd5 29. Ra3 c3 30. Rc2 Rc4 31. a6 g5 32. Kg2 f6 0-1

[Event "*** Titled Tuesday Blitz"]
[Site "Chess.com"]
[Date "2020.04.28"]
[Round "4"]
[White "gmcorrales"]
[Black "Rumpel-VK"]
[Result "0-1"]
[WhiteElo "2802"]
[BlackElo "2637"]
[TimeControl "180+1"]
[EndTime "10:39:46 PDT"]
[Termination "Rumpel-VK won by resignation"]

1. e4 c5 2. Nf3 Nc6 3. d4 cxd4 4. Nxd4 e5 5. Nb5 a6 6. Nd6+ Bxd6 7. Qxd6 Qe7 8. Qxe7+ Ngxe7 9. Nc3 d5 10. Nxd5 Nxd5 11. exd5 Nb4 12. Kd2 Bf5 13. c4 Nc2 14. Rb1 Nb4 15. Ra1 Nc2 16. Bd3 Bxd3 17. Kxd3 Nxa1 18. Be3 Nb3 19. axb3 f6 20. Ra1 Kf7 21. Bb6 Rac8 22. Ra5 Rhe8 23. b4 e4+ 24. Kd4 f5 25. d6 Ke6 26. Rd5 Kd7 27. Bc7 g6 28. b5 Ra8 29.
b6 f4 30. Ra5 e3 31. f3 e2 0-1

[Event "*** Titled Tuesday Blitz"]
[Site "Chess.com"]
[Date "2020.04.28"]
[Round "4"]
[White "stoleriu"]
[Black "YQPerez"]
[Result "0-1"]
[WhiteElo "2550"]
[BlackElo "2954"]
[TimeControl "180+1"]
[EndTime "10:39:46 PDT"]
[Termination "YQPerez won by resignation"]

1. e4 e5 2. Nf3 Nc6 3. Bb5 a6 4. Ba4 Nf6 5. d3 b5 6. Bb3 Be7 7. O-O O-O 8. Re1 Bb7 9. Nbd2 d6 10. c3 Na5 11. Bc2 c5 12. Nf1 Re8 13. Ng3 Bf8 14. Nf5 h6 15. h3 d5 16. Qe2 Bc8 17.
Ng3 d4 18. Nh2 Nc6 19. a4 Be6 20. Ng4 Nxg4 21. hxg4 g6 22. axb5 axb5 23. Rxa8 Qxa8 24. f4 exf4 25. Bxf4 Qd8 26. Kf2 Qf6 27. Qf3 Ne5 28.
Bxe5 Qxe5 29. Nf5 gxf5 30. gxf5 Bd7 31. c4 bxc4 32. dxc4 Be7 33. Rh1 Bg5 34. b3 Bc6 35.
Re1 Be3+ 36. Kf1 Bxe4 37. Qg4+ Kh8 0-1

[Event "*** Titled Tuesday Blitz"]
[Site "Chess.com"]
[Date "2020.04.28"]
[Round "4"]
[White "GasconJR"]
[Black "Lysiak_Poltorak"]
[Result "0-1"]
[WhiteElo "2585"]
[BlackElo "2338"]
[TimeControl "180+1"]
[EndTime "10:39:46 PDT"]
[Termination "Lysiak_Poltorak won by checkmate"]

1. e4 c5 2. Nf3 d6 3. d4 cxd4 4. Nxd4 Nf6 5. Nc3 g6 6. Be3 Bg7 7. f3 O-O 8. Qd2 Nc6 9. O-O-O d5 10. Qe1 e5 11. Nxc6 bxc6 12. exd5 Nxd5 13. Bc4 Be6 14. Ne4 Qc7 15. Bc5 Rfd8 16. Qh4 Qa5 17. Ba3 Bf5 18.
Bb3 Rab8 19. g4 Bxe4 20. fxe4 Ne3 21. Rxd8+ Rxd8 22. Qf2 Nxg4 23. Qxf7+ Kh8 24. Kb1 Qd2 25. c3 Ne3 26. Be7 Qd3+ 27. Ka1 Qxe4 28. Rb1 Qd5 29.
Bxd5 Nc2# 0-1

[Event "*** Titled Tuesday Blitz"]
[Site "Chess.com"]
[Date "2020.04.28"]
[Round "4"]
[White "crossingthestreet"]
[Black "GamayevOleg"]
[Result "0-1"]
[WhiteElo "2318"]
[BlackElo "2502"]
[TimeControl "180+1"]
[EndTime "10:39:46 PDT"]
[Termination "GamayevOleg won by resignation"]

1. c4 d6 2. Nc3 e5 3. Nf3 Nf6 4. d4 exd4 5. Nxd4 c6 6. e4 Nbd7 7. Be2 Nb6 8. O-O Be7 9. Be3 O-O 10. f4 Re8 11. Bd3 Bf8 12. h3 a5 13. Qd2 Nbd7 14. Qf2 Nc5 15. Rad1 Nxd3 16. Rxd3 Nxe4 17. Nxe4 Rxe4 18.
f5 d5 19. cxd5 cxd5 20. f6 Qxf6 21. Qxf6 gxf6 22. Rxf6 Bg7 23. Rf3 Be6 24. Rg3 Kh8 25. b3 Rg8 26. Nxe6 fxe6 27. Bb6 a4 28. bxa4 Rxa4 29. Rdf3 Bd4+ 30. Bxd4+ Rxd4 31. Rxg8+ Kxg8 32. Rb3 Ra4 33. Rxb7 Rxa2 34. Kh2 Re2 35. Kg3 Re4 36. Kf3 h5 37. Rd7 h4 38. g4 hxg3 39.
Kxg3 d4 40. Kf3 Re3+ 41. Kf4 e5+ 42. Kg4 d3 43. h4 e4 44. h5 Re2 45. Kg5 d2 46. Kg6 Rg2+ 47. Kf6 e3 48. h6 Rg1 49. h7+ Kh8 50. Kf5 d1=Q 0-1

[Event "*** Titled Tuesday Blitz"]
[Site "Chess.com"]
[Date "2020.04.28"]
[Round "4"]
[White "TheFireChess"]
[Black "Iyael"]
[Result "1-0"]
[WhiteElo "2408"]
[BlackElo "2116"]
[TimeControl "180+1"]
[EndTime "10:39:46 PDT"]
[Termination "TheFireChess won by checkmate"]

1. g3 Nf6 2. Bg2 g6 3. d3 Bg7 4. Nc3 O-O 5. e4 d6 6. Be3 c5 7.
h3 Nc6 8. Qd2 Nd4 9. Nd1 Rb8 10.
c3 Nc6 11. Bh6 Bd7 12. Bxg7 Kxg7 13. f4 b5 14. Ne2 b4 15. c4 e5 16. O-O Nd4 17.
Nxd4 cxd4 18. g4 Bc6 19. f5 Nd7 20. Nf2 Qh4 21. a3 bxa3 22. Rxa3 Rb7 23. Rfa1 Rfb8 24.
Nd1 Nc5 25. Rxa7 Rb3 26. R7a3 Qg3 27. Rxb3 Nxb3 28. f6+ Kxf6 29. Qh6 Nxa1 30. b4 Qe1+ 31. Kh2 Qxd1 32. b5 Bd7 33. g5+ Ke7 34. Qg7 Be6 35.
Qf6+ Kd7 36. c5 Nc2 37. c6+ Kc7 38. Qe7+ Kb6 39. Qxd6 Rc8 40. Qe7 Kxb5 41. Qb7+ Ka4 42. c7 Ne3 43. Qa6+ Kb3 44. Qb5+ Kc2 45. Qa4+ Kd2 46.
Qb4+ Ke2 47. Qb2+ Qd2 48. Qa1 Nxg2 49. Kxg2 Kxd3+ 50. Kh1 Kxe4 51. Qb1+ Qd3 52. Qe1+ Kd5 53. Qa5+ Ke4 54. Qe1+ Kf4 55. Qh4+ Kf5 56. Qg4# 1-0

[Event "*** Titled Tuesday Blitz"]
[Site "Chess.com"]
[Date "2020.04.28"]
[Round "4"]
[White "damayito"]
[Black "tgpgoat"]
[Result "0-1"]
[WhiteElo "1643"]
[BlackElo "2194"]
[TimeControl "180+1"]
[EndTime "10:39:46 PDT"]
[Termination "tgpgoat won by resignation"]

1. e4 c5 2. Nc3 Nc6 3. g3 g6 4. Bg2 Bg7 5. Nge2 d6 6. d3 Nf6 7.
O-O O-O 8. Bg5 Bg4 9. Qd2 a6 10. Bh6 b5 11. Bxg7 Kxg7 12. f3 Bd7 13. Nf4 b4 14. Ncd5 Nxd5 15. Nxd5 Kg8 16. a3 Qb8 17. axb4 cxb4 18. f4 a5 19. Qf2 Qa7 20. Nb6 Rab8 21.
Nxd7 Qxd7 22. Ra4 Rfc8 23. Rfa1 Qe6 24. d4 Qc4 25. d5 Nd4 26. Rxa5 Nxc2 27. Rc1 Qb3 28. Bf1 Qxb2 29. Rd1 b3 30. e5 Qc3 31. Ra7 b2 32. exd6 exd6 33. Rb1 Na3 34. Rxa3 Qxa3 35. Bd3 Qxd3 36. Qe1 Qxb1 37. Qxb1 Rc1+ 0-1

[Event "*** Titled Tuesday Blitz"]
[Site "Chess.com"]
[Date "2020.04.28"]
[Round "4"]
[White "KuzubovYuriy"]
[Black "Moon_stone123"]
[Result "0-1"]
[WhiteElo "2712"]
[BlackElo "2516"]
[TimeControl "180+1"]
[EndTime "10:39:47 PDT"]
[Termination "Moon_stone123 won by resignation"]

1. d4 Nf6 2. c4 g6 3. Nc3 Bg7 4. g3 O-O 5. Bg2 d6 6. Nf3 c5 7. O-O Nc6 8. dxc5 dxc5 9. Be3 Qa5 10. Qa4 Qxa4 11. Nxa4 b6 12. Ne5 Nxe5 13. Bxa8 Bd7 14.
Nxc5 bxc5 15. Bg2 Nxc4 16. Bxc5 Nxb2 17. Bxa7 Rc8 18. Rfc1 Nc4 19. Bd4 Be6 20. a4 Nd7 21.
Bxg7 Kxg7 22. a5 Rc7 23. a6 Ra7 24. Ra4 Ndb6 25. Ra2 Nd6 26. Raa1 Bc4 27. Bb7 Nxb7 28. axb7 Rxb7 29. Rab1 Ba6 30. e4 e5 31. Rc6 Na8 32. Ra1 Bb5 33. Rc5 Nc7 34. Rxe5 Ne6 35. Rb1 Nd4 36. Rd5 Ne2+ 37. Kg2 Nc3 38. Rb3 Nxd5 39.
exd5 Bf1+ 0-1

[Event "*** Titled Tuesday Blitz"]
[Site "Chess.com"]
[Date "2020.04.28"]
[Round "4"]
[White "davigator"]
[Black "eldur16"]
[Result "0-1"]
[WhiteElo "2388"]
[BlackElo "2585"]
[TimeControl "180+1"]
[EndTime "10:39:47 PDT"]
[Termination "eldur16 won by resignation"]

1. e4 e5 2. Nf3 Nc6 3. Bb5 a6 4. Ba4 Nf6 5. O-O Be7 6. Re1 b5 7. Bb3 d6 8. c3 O-O 9. h3 Na5 10.
Bc2 c5 11. d4 Qc7 12. Nbd2 Bd7 13. Nf1 Nc4 14. b3 Nb6 15. Bb2 Rfe8 16. Rc1 Bf8 17.
Bb1 g6 18. d5 c4 19. Ne3 Nh5 20. Ng4 Bg7 21. Rc2 Nf4 22. Bc1 Nd3 23. Ree2 f5 24.
Nh6+ Kh8 25. Nf7+ Kg8 26. Nh6+ Bxh6 27. Bxh6 fxe4 28. Ng5 Nxd5 29. Nxe4 Bf5 30. bxc4 bxc4 31. g4 Bxe4 32. Rxe4 Rab8 33. a4 Nf6 34. Re3 d5 35. Ba2 e4 36. f3 Qc5 37. Kg2 Rb7 38. fxe4 Nxe4 39. Rce2 Rf7 40. Rxd3 cxd3 41. Qxd3 Rf2+ 42. Kh1 Rf1+ 0-1

[Event "*** Titled Tuesday Blitz"]
[Site "Chess.com"]
[Date "2020.04.28"]
[Round "4"]
[White "viditchess"]
[Black "bait_or_mate"]
[Result "1-0"]
[WhiteElo "2902"]
[BlackElo "2546"]
[TimeControl "180+1"]
[EndTime "10:39:49 PDT"]
[Termination "viditchess won by resignation"]

1. d4 d5 2. c4 e6 3. Nf3 a6 4.
cxd5 exd5 5. Nc3 Nf6 6. Bg5 Be6 7. Qb3 b5 8. Bxf6 Qxf6 9. a4 b4 10. Nxd5 Qd8 11. e4 c6 12. Qe3 cxd5 13. exd5 Qxd5 14. Rc1 Be7 15. Bc4 Qd6 16. d5 Bf5 17. Bd3 Bd7 18. Ng5 h6 19. Ne4 Qxd5 20. Bc4 Qe5 21. f4 Qxb2 22.
Nd6+ Kf8 23. Nxf7 Qxg2 24. Nxh8 Bh4+ 25. Kd1 Bg4+ 26. Be2 Bxe2+ 27. Qxe2 Qxh1+ 28. Kc2 Qc6+ 29. Kb1 Qd7 30. Ng6+ Kg8 31. Qa2+ Qf7 32. Rc8+ 1-0

[Event "*** Titled Tuesday Blitz"]
[Site "Chess.com"]
[Date "2020.04.28"]
[Round "4"]
[White "YoungUzbek"]
[Black "StephenDedalus83"]
[Result "0-1"]
[WhiteElo "2520"]
[BlackElo "2795"]
[TimeControl "180+1"]
[EndTime "10:39:49 PDT"]
[Termination "StephenDedalus83 won by resignation"]

1. d4 g6 2. Nf3 Bg7 3. e4 d6 4. g3 Nd7 5. Bg2 e5 6. O-O Ne7 7. Nc3 O-O 8. Bg5 h6 9. Be3 Nc6 10. h3 f5 11. dxe5 dxe5 12. exf5 gxf5 13. Nh4 f4 14.
Qd5+ Rf7 15. Bd2 Nb6 16. Qxd8+ Nxd8 17. Rad1 Bf6 18. Ne4 Bxh4 19. gxh4 f3 20. Bh1 Bxh3 21. Rfe1 Kh7 22. Kh2 Bg2 23. Bxg2 fxg2 24. Bc3 Nc6 25. Kxg2 Rg8+ 26. Ng3 Nc4 27. b3 Na3 28. Rd2 Re8 29. f4 e4 30. Rxe4 Rxe4 31. Nxe4 Rxf4 32. Rd7+ Kg6 33.
Ng3 h5 34. Rg7+ Kh6 35. Rg5 Rxh4 36. Bf6 Rg4 37. Rf5 Kg6 38. Rf3 0-1

[Event "*** Titled Tuesday Blitz"]
[Site "Chess.com"]
[Date "2020.04.28"]
[Round "4"]
[White "WoolworthsManly"]
[Black "aakankshachess"]
[Result "1-0"]
[WhiteElo "2658"]
[BlackElo "2467"]
[TimeControl "180+1"]
[EndTime "10:39:49 PDT"]
[Termination "WoolworthsManly won by resignation"]

1. e4 e6 2. d4 d5 3. Nc3 Bb4 4. exd5 exd5 5. Bd3 Nc6 6. a3 Bxc3+ 7. bxc3 Nge7 8. Qf3 Be6 9. Ne2 Qd7 10. Nf4 O-O 11. Nxe6 Qxe6+ 12. Kd1 Ng6 13. Re1 Qd6 14. Qg3 Qd7 15.
h4 Rfe8 16. h5 Nf8 17. h6 Ng6 18. hxg7 Kxg7 19. Bf4 Rxe1+ 20. Kxe1 Re8+ 21. Kd2 Qe6 22.
Rh1 Na5 23. Be5+ Kf8 24. Rxh7 Nxe5 25. Rh8+ Ke7 26. Rxe8+ Kxe8 27. Qxe5 Qxe5 28. dxe5 Ke7 29. f4 f6 30. exf6+ Kxf6 31. g4 Nc6 32. g5+ Kf7 33.
Ke3 Ne7 34. f5 c5 35. Kf4 Nc6 36. Be2 a6 37. Bf3 Ne7 38. Ke5 b5 39. Bxd5+ Nxd5 40. Kxd5 c4 41. Kc5 Kg7 42. Kb6 Kf7 43. Kxa6 1-0

[Event "*** Titled Tuesday Blitz"]
[Site "Chess.com"]
[Date "2020.04.28"]
[Round "4"]
[White "NotFischer"]
[Black "top_bu_tz"]
[Result "1-0"]
[WhiteElo "2161"]
[BlackElo "2329"]
[TimeControl "180+1"]
[EndTime "10:39:50 PDT"]
[Termination "NotFischer won by resignation"]

1. Nf3 Nf6 2. g3 g6 3. Bg2 Bg7 4. d4 O-O 5. O-O d6 6. c4 Nc6 7. Nc3 e5 8. e4 h6 9. h3 Re8 10.
Be3 Nh5 11. Qd2 Kh7 12. Rad1 f5 13. exf5 gxf5 14. dxe5 dxe5 15. Qc2 Qe7 16. Nd5 Qf7 17. b4 Be6 18. b5 Nd8 19. g4 Nf4 20. Nxf4 exf4 21. Bxf4 Kh8 22. g5 Bxc4 23. gxh6 Bxf1 24. hxg7+ Qxg7 25. Kxf1 Ne6 26. Be5 1-0

[Event "*** Titled Tuesday Blitz"]
[Site "Chess.com"]
[Date "2020.04.28"]
[Round "4"]
[White "Morshynska"]
[Black "kingofkolkata"]
[Result "1-0"]
[WhiteElo "2087"]
[BlackElo "2232"]
[TimeControl "180+1"]
[EndTime "10:39:50 PDT"]
[Termination "Morshynska won by resignation"]

1. e4 e5 2. Nf3 Nc6 3. Bc4 Nf6 4. d3 Bc5 5. c3 a6 6. Bb3 Ba7 7. Be3 d6 8. Bxa7 Rxa7 9. Nbd2 Ra8 10. Qe2 O-O 11.
h3 b5 12. a4 Be6 13. Bc2 b4 14. Nf1 Rb8 15. d4 bxc3 16. d5 cxb2 17. Rb1 Nb4 18. dxe6 Na2 19. exf7+ Kh8 20. Qc4 Nb4 21. Ne3 d5 22. exd5 Nfxd5 23. Nxd5 Nxd5 24. O-O Nf4 25. Qe4 Ng6 26. Nxe5 Qf6 27. Nd7 Qxf7 28. Nxf8 Qxf8 29. Qd4 Nf4 30. Rfe1 Rb4 31. Qxb4 Qa8 32. Qxf4 1-0

[Event "*** Titled Tuesday Blitz"]
[Site "Chess.com"]
[Date "2020.04.28"]
[Round "4"]
[White "Biranidun"]
[Black "elohunter1999"]
[Result "1/2-1/2"]
[WhiteElo "2710"]
[BlackElo "2507"]
[TimeControl "180+1"]
[EndTime "10:39:51 PDT"]
[Termination "Game drawn by repetition"]

1. e4 c5 2. Nf3 Nc6 3. d4 cxd4 4. Nxd4 Nf6 5. Nc3 e5 6. Ndb5 d6 7. Bg5 a6 8. Na3 b5 9. Nd5 Be7 10. Bxf6 Bxf6 11. c3 Bg5 12. Nc2 Rb8 13. a4 bxa4 14. Ncb4 Nxb4 15. Nxb4 Bd7 16. Bxa6 O-O 17. O-O Qb6 18.
g3 Kh8 19. Bd3 g6 20. Bc2 f5 21. exf5 Bxf5 22. Bxf5 Rxf5 23. Kg2 e4 24. Rxa4 Rbf8 25. Qe2 Be3 26. Ra6 Qc5 27. Rc6 Qa7 28. Ra6 Qc5 29. Rc6 Qa7 30. Ra6 Qc5 1/2-1/2